 Dungeon Crawl Stone Soup version 0.29.1-1-gd02db6906a (webtiles) character file.

Game seed: 8059666280424909859

690490 RogueRain17 the Shatterer (level 27, -2/224 HPs)
             Began as a Gnoll Hunter on Oct 12, 2022.
             Was the Champion of Cheibriados.
             Killed from afar by Lom Lobon (17 damage)
             ... with a vortex
             ... in Pandemonium.
             The game lasted 07:20:39 (68771 turns).

RogueRain17 the Shatterer (Gnoll Hunter)           Turns: 68771, Time: 07:20:39

Health: -2/224     AC: 54    Str: 28    XL:     27
Magic:  53/56      EV: 45    Int: 42    God:    Cheibriados [******]
Gold:   2908       SH: 15    Dex: 37    Spells: 4/65 levels left

rFire   + + .      SeeInvis +   I - +18 lance "Wyrmbane" {slay drac, rPois rF+ rC+ AC+3}
rCold   + + +      Faith    .   N - +3 buckler {rC+ rF+}
rNeg    + + +      Spirit   .   S - +11 plate armour of the Lost Path {rN+ Regen+}
rPois   ∞          Reflect  .   T - +3 hat of Pondering {ponderous, Will+ MP+10 Int+5}
rElec   .          Harm     .   B - +2 cloak {rCorr}
rCorr   +          Rampage  .   r - +3 pair of gauntlets of War {Slay+5}
Will    +++++      Archmagi +   R - +2 pair of boots
Stlth   +++.......              m - amulet "Ofonoar" {Acrobat Will+ Int+10}
HPRegen 1.27/turn               t - ring of the Mage {Wiz Archmagi}
MPRegen 0.35/turn               D - ring of Lakh {rPois Slay+2 SInv}

@: lich-form, silenced, acrobatic, flying (expiring), studying Maces & Flails,
very slow
A: draining attack, torment immunity, no potions, fangs 1, strong nose,
distributed training, horns 1, clumsy 1
}: 6/15 runes: decaying, silver, abyssal, demonic, dark, gossamer
a: End Transformation, Renounce Religion


You were in Pandemonium.
You worshipped Cheibriados.
Cheibriados was exalted by your worship.
You were an undead lich.
You visited 10 branches of the dungeon, and saw 48 of its levels.
You visited Pandemonium 3 times, and saw 12 of its levels.
You visited the Abyss 4 times.
You visited 1 bazaar.
You also visited: Bailey, Wizlab and Desolation.

You collected 8250 gold pieces.
You spent 5342 gold pieces at shops.

Inventory:

Hand Weapons
 I - the +18 lance "Wyrmbane" (weapon) {slay drac, rPois rF+ rC+ AC+3}
   (You bought it in a shop in a bazaar)

   It inflicts extra damage against dragons and draconians.
   AC:        It affects your AC (+3).
   rF:        It protects you from fire.
   rC:        It protects you from cold.
   rPois:     It protects you from poison.
 L - a +9 sling of freezing
 W - a +4 broad axe of distortion
Missiles
 J - 4 throwing nets
Armour
 r - the +3 pair of gauntlets of War (worn) {Slay+5}
   (You found it on level 3 of the Lair of Beasts)

   Slay:      It affects your accuracy & damage with ranged weapons and melee
   (+5).
 B - a +2 cloak of preservation (worn)
 F - the +0 mask of the Dragon {Will+ Slay+3 SInv}
   (You found it on level 3 of the Realm of Zot)

   Slay:      It affects your accuracy & damage with ranged weapons and melee
   (+3).
   SInv:      It lets you see invisible.
   Will:      It increases your willpower.
 N - a +3 buckler of resistance (worn)
 R - a +2 pair of boots (worn)
 S - the +11 plate armour of the Lost Path (worn) {rN+ Regen+}
   (You found it on level 10 of the Dungeon)

   rN:        It protects you from negative energy.
   Regen:     It increases your rate of health regeneration.
 T - the +3 hat of Pondering (worn) {ponderous, Will+ MP+10 Int+5}
   (You found it on level 5 of the Vaults)

   Int:       It affects your intelligence (+5).
   MP:        It affects your magic capacity (+10).
   Will:      It increases your willpower.
 Z - the -2 hat of the Alchemist {rElec rPois rF+ rC+ rN+ Will+ rMut rCorr}
   (You bought it in a shop on level 15 of the Dungeon)

   rF:        It protects you from fire.
   rC:        It protects you from cold.
   rElec:     It insulates you from electricity.
   rPois:     It protects you from poison.
   rN:        It protects you from negative energy.
   rCorr:     It protects you from acid and corrosion.
   rMut:      It protects you from mutation.
   Will:      It increases your willpower.
Magical Staves
 k - a staff of fire
Jewellery
 a - the necklace of Bloodlust {*Rage Will++ Int-3 Slay+6}
   (You found it on level 4 of the Lair of Beasts)

   [amulet of nothing]

   It extends the wearer's berserk rage when killing foes.
   Int:       It affects your intelligence (-3).
   Slay:      It affects your accuracy & damage with ranged weapons and melee
   (+6).
   *Rage:     It berserks you when you make melee attacks (+50% chance).
   Will:      It greatly increases your willpower.
 c - an amulet of reflection
 h - the ring of Cyesopp {Fly rC+ Int+6}
   (You took it off a deep elf demonologist on level 3 of the Elven Halls)

   [ring of flight]

   Int:       It affects your intelligence (+6).
   rC:        It protects you from cold.
   Fly:       It grants you flight.
 i - a ring of wizardry
 m - the amulet "Ofonoar" (around neck) {Acrobat Will+ Int+10}
   (You found it on level 5 of the Vaults)

   [amulet of the acrobat]

   It increases your evasion while moving and waiting.
   Int:       It affects your intelligence (+10).
   Will:      It increases your willpower.
 t - the ring of the Mage (left hand) {Wiz Archmagi}
   (You took it off a hell knight on level 5 of the Vaults)

   [ring of wizardry]

   It improves your spell success rate.
   Archmagi:  It increases the power of your magical spells.
 C - the amulet of Joxeof {Acrobat *Corrode rC+ MP+9 Int+2}
   (You found it on level 3 of the Lair of Beasts)

   [amulet of the acrobat]

   It increases your evasion while moving and waiting.
   Int:       It affects your intelligence (+2).
   rC:        It protects you from cold.
   MP:        It affects your magic capacity (+9).
   *Corrode:  It may corrode you when you take damage.
 D - the ring of Lakh (right hand) {rPois Slay+2 SInv}
   (You took it off a vault warden on level 5 of the Vaults)

   [ring of see invisible]

   Slay:      It affects your accuracy & damage with ranged weapons and melee
   (+2).
   rPois:     It protects you from poison.
   SInv:      It lets you see invisible.
 G - the ring of Sesiaqat {Fire Str+3 Int+4}
   (You found it in the Desolation of Salt)

   [ring of fire]

   It enhances your fire magic.
   Str:       It affects your strength (+3).
   Int:       It affects your intelligence (+4).
   rF:        It protects you from fire.
   rC:        It makes you vulnerable to cold.
 H - the ring "Nuazul" {rF+ EV+4}
   (You took it off a deep elf annihilator on level 5 of the Vaults)

   [ring of evasion]

   EV:        It affects your evasion (+4).
   rF:        It protects you from fire.
Wands
 o - a wand of mindburst (11)
 s - a wand of digging (13)
 y - a wand of roots (6)
 K - a wand of polymorph (18)
Scrolls
 b - 17 scrolls of immolation
 d - a scroll of magic mapping
 g - 8 scrolls of fear
 j - 9 scrolls of poison
 p - 20 scrolls of teleportation
 v - 8 scrolls of fog
 w - 8 scrolls of brand weapon
 x - 4 scrolls of silence
 P - 7 scrolls of enchant armour
 Q - 2 scrolls of torment
 V - 4 scrolls of amnesia
Potions
 e - a potion of heal wounds
 f - 5 potions of berserk rage
 l - 18 potions of curing
 q - 4 potions of magic
 u - 13 potions of ambrosia
 z - 8 potions of brilliance
 A - 16 potions of might
 E - 6 potions of resistance
 M - 16 potions of attraction
 O - 2 potions of cancellation
 U - 9 potions of flight
Miscellaneous
 Y - a tin of tremorstones (inert)


   Skills:
 + Level 20.0 Fighting
 + Level 19.5 Short Blades
 + Level 19.5 Long Blades
 + Level 19.5 Axes
 + Level 23.2 Maces & Flails
 + Level 19.5 Polearms
 + Level 19.5 Staves
 + Level 20.9 Ranged Weapons
 + Level 19.5 Throwing
 + Level 19.5 Armour
 + Level 20.0 Dodging
 + Level 19.6 Stealth
 + Level 19.5 Shields
 + Level 19.5 Unarmed Combat
 + Level 19.5 Spellcasting
 + Level 16.6 Conjurations
 + Level 16.6 Hexes
 + Level 16.6 Summonings
 + Level 16.6 Necromancy
 + Level 16.6 Translocations
 + Level 16.6 Transmutations
 + Level 16.6 Fire Magic
 + Level 16.6 Ice Magic
 + Level 16.6 Air Magic
 + Level 16.6 Earth Magic
 + Level 16.6 Poison Magic
 + Level 21.1 Invocations
 + Level 19.5 Evocations


You had 4 spell levels left.
You knew the following spells:

 Your Spells              Type           Power      Damage    Failure   Level
a - Wereblood             Tmut           100%       N/A       0%          2
b - Necromutation         Tmut/Necr      79%        N/A       9%          8
c - Silence               Hex/Air        67%        N/A       1%          5
d - Airstrike             Air            67%        2d(10-26) 1%          4
e - Passage of Golubria   Tloc           100%       N/A       1%          4
f - Borgnjor's Revivific  Necr           79%        N/A       9%          8
g - Summon Horrible Thin  Summ           67%        N/A       9%          8
h - Malign Gateway        Summ/Tloc      67%        N/A       1%          7
j - Orb of Destruction    Conj           67%        9d16      1%          7
k - Ignition              Fire           67%        3d18      9%          8

Your spell library contained the following spells:

 Spells                   Type           Power      Damage    Failure   Level
 Apportation              Tloc           100%       N/A       0%          1
 Beastly Appendage        Tmut           100%       N/A       0%          1
 Foxfire                  Conj/Fire      100%       2x1d9     0%          1
 Freeze                   Ice            100%       1d11      0%          1
 Magic Dart               Conj           100%       1d8       0%          1
 Necrotise                Necr           100%       1d9       0%          1
 Sandblast                Erth           100%       2d20      0%          1
 Shock                    Conj/Air       100%       1d9       0%          1
 Summon Small Mammal      Summ           100%       N/A       0%          1
 Blink                    Tloc           100%       N/A       0%          2
 Ensorcelled Hibernation  Hex/Ice        100%       N/A       0%          2
 Passwall                 Tmut/Erth      100%       N/A       0%          2
 Poisonous Vapours        Pois/Air       100%       N/A       0%          2
 Searing Ray              Conj           100%       2d8       0%          2
 Static Discharge         Conj/Air       100%       3-16/arc  0%          2
 Call Canine Familiar     Summ           100%       N/A       0%          3
 Conjure Flame            Conj/Fire      100%       6-21      0%          3
 Dazzling Flash           Conj/Hex       100%       N/A       0%          3
 Frozen Ramparts          Ice            100%       1d16      0%          3
 Ignite Poison            Fire/Tmut/Pois 100%       N/A       0%          3
 Mephitic Cloud           Conj/Pois/Air  100%       N/A       0%          3
 Ozocubu's Armour         Ice            100%       N/A       0%          3
 Portal Projectile        Hex/Tloc       100%       N/A       0%          3
 Spider Form              Tmut/Pois      100%       N/A       0%          3
 Stone Arrow              Conj/Erth      100%       3d13      0%          3
 Summon Guardian Golem    Hex/Summ       100%       N/A       0%          3
 Swiftness                Air            100%       N/A       0%          3
 Vampiric Draining        Necr           100%       2d13      0%          3
 Anguish                  Hex/Necr       79%        N/A       1%          4
 Animate Armour           Summ/Erth      100%       N/A       1%          4
 Animate Dead             Necr           100%       N/A       1%          4
 Corpse Rot               Necr/Pois/Air  100%       N/A       1%          4
 Dispel Undead            Necr           100%       3d31      1%          4
 Fulminant Prism          Conj/Hex       67%        3d28      1%          4
 Hailstorm                Conj/Ice       100%       3d20      1%          4
 Ice Form                 Ice/Tmut       100%       N/A       1%          4
 Iskenderun's Mystic Bla  Conj/Tloc      100%       2d19      1%          4
 Leda's Liquefaction      Hex/Erth       67%        N/A       1%          4
 Olgreb's Toxic Radiance  Pois           100%       N/A       1%          4
 Petrify                  Tmut/Erth      100%       N/A       1%          4
 Sticky Flame             Conj/Fire      100%       2d11      1%          4
 Summon Ice Beast         Ice/Summ       100%       N/A       1%          4
 Summon Lightning Spire   Summ/Air       100%       N/A       1%          4
 Blade Hands              Tmut           67%        N/A       1%          5
 Borgnjor's Vile Clutch   Necr/Erth      79%        N/A       1%          5
 Fireball                 Conj/Fire      67%        3d25      1%          5
 Freezing Cloud           Conj/Ice/Air   67%        6-21      1%          5
 Irradiate                Conj/Tmut      67%        3d34      1%          5
 Iskenderun's Battlesphe  Conj           100%       2d15      1%          5
 Lightning Bolt           Conj/Air       67%        1d91      1%          5
 Manifold Assault         Tloc           100%       N/A       1%          5
 Metabolic Englaciation   Hex/Ice        67%        N/A       1%          5
 Summon Mana Viper        Hex/Summ       100%       N/A       1%          5
 Conjure Ball Lightning   Conj/Air       67%        3x3d25    1%          6
 Death Channel            Necr           79%        N/A       1%          6
 Iron Shot                Conj/Erth      67%        9d12      1%          6
 Simulacrum               Ice/Necr       79%        N/A       1%          6
 Starburst                Conj/Fire      67%        6d17      1%          6
 Statue Form              Tmut/Erth      89%        N/A       1%          6
 Dragon Form              Tmut           67%        N/A       1%          7
 Haunt                    Necr/Summ      79%        N/A       1%          7
 Monstrous Menagerie      Summ           67%        N/A       1%          7
 Ozocubu's Refrigeration  Ice            67%        4d22      1%          7
 Spellforged Servitor     Conj/Summ      67%        N/A       1%          7
 Storm Form               Tmut/Air       67%        N/A       1%          7
 Discord                  Hex            67%        N/A       9%          8
 Disjunction              Tloc           67%        N/A       9%          8
 Infestation              Necr           79%        N/A       9%          8
 Lehudib's Crystal Spear  Conj/Erth      67%        10d15     9%          8
 Maxwell's Capacitive Co  Air            67%        ∞         9%          8
 Chain Lightning          Conj/Air       67%        3d89      75%         9
 Fire Storm               Conj/Fire      67%        8d17      75%         9
 Shatter                  Erth           67%        3d49*     75%         9


Dungeon Overview and Level Annotations

Branches:
Dungeon (15/15)            Temple (1/1) D:4            Lair (5/5) D:9
  Swamp (4/4) Lair:3       Spider (4/4) Lair:3        Slime (0/5) Lair:4
    Orc (2/2) D:12            Elf (3/3) Orc:2        Vaults (5/5) D:13
  Crypt (0/3) Vaults:3     Depths (4/4) D:15            Zot (5/5) Depths:4
 Bailey (visited)          WizLab (visited)         Desolation (visited)

Altars:
Ashenzari
Cheibriados
Dithmenos
Elyvilon
Fedhas
Gozag
Hepliaklqana
Kikubaaqudgha
Makhleb
Nemelex Xobeh
Okawaru
Qazlal
Ru
Sif Muna
Trog
Uskayaw
Vehumet
Wu Jian
Xom
Yredelemnul
Zin
The Shining One
Lugonu

Shops:
D:5 [   D:11 *   D:15 [   Orc:2 [:(*   Vaults:3 (*[   Depths:1 (
Depths:4 :=??

Portals:
Hell: Depths:1 Depths:2 Depths:3 Depths:4
Abyss: Depths:2 Depths:3 Depths:4
Pandemonium: Depths:2
Ziggurat: Depths:2

Annotations:
D:3 2 transporters, Godmorgon's ghost, weakling TeCj
D:14 1 runed translucent door, Deerom's ghost, journeyman DgHW
Elf:2 3 runed translucent doors
Depths:2 4 exclusions
Zot:1 1 runed translucent door, Muataran's ghost, veteran MiMo
Zot:2 3 runed translucent doors, Sostolov's ghost, legendary MiAK
Zot:4 4 transporters
Zot:5 36 runed doors, 1 exclusion
Pan Lom Lobon


Innate Abilities, Weirdness & Mutations

You are an undead lich.
Your unarmed attacks are suffused with negative energy.
You are immune to unholy pain and torment.
Your necromantic spells are more powerful.
You cannot drink.
You are immune to poison.
You have very sharp teeth.
Your uncanny sense of smell can sniff out nearby items.
Your experience applies equally to all skills.
You have a pair of small horns on your head.
You are clumsy. (Dex -2)


Message History

The burst of rock shards engulfs Lom Lobon.
The burst of rock shards engulfs the titan.
The burst of rock shards engulfs Lom Lobon!
The burst of rock shards engulfs Lom Lobon.
The burst of rock shards engulfs you but does no damage.
The burst of rock shards engulfs the titan.
The ball lightning explodes!
The blast of lightning engulfs the titan.
The titan completely resists.
The blast of lightning engulfs Lom Lobon.
Lom Lobon completely resists.
The blast of lightning engulfs you!
The ball lightning explodes!
The blast of lightning engulfs you!
The blast of lightning engulfs the ball lightning.
The ball lightning completely resists.
The blast of lightning engulfs Lom Lobon.
Lom Lobon completely resists.
Lom Lobon gestures.
A freezing vortex appears around Lom Lobon!
The tremorstone explodes into fragments!
The burst of rock shards engulfs the ball lightning!
The burst of rock shards engulfs you but does no damage.
The burst of rock shards engulfs the ball lightning!!
The burst of rock shards engulfs you but does no damage.
The burst of rock shards engulfs Lom Lobon but does no damage.
The burst of rock shards engulfs the titan!
The burst of rock shards engulfs the titan but does no damage.
The tin is emptied!
The ball lightning explodes!
The blast of lightning engulfs you!!!
* * * LOW HITPOINT WARNING * * *
The blast of lightning engulfs Lom Lobon.
Lom Lobon completely resists.
The freezing vortex lifts you up.
You fly up into the air.
* * * LOW HITPOINT WARNING * * *
You cannot drink potions in your current state!
You float gracefully downwards.
The freezing vortex lifts you up.
You fly up into the air.
* * * LOW HITPOINT WARNING * * *
You die...

#######
+##.....###
##.........##
#........$..##
....§§§§§§§§§#
....§§§§§§§§§##
....§§§§§§§§§.#
....§§§§§§§§§.#
....§§§L&§§§§)#
....§§§C§§§§§##
....§§§§§§§§§#
#...§§§§§§§§##
###.§§§§§§###
###...### ##...
##≈.


You could see Lom Lobon (vortex, unsilenced) and a titan.

Vanquished Creatures
  Gloorx Vloq (Pan)
  A pandemonium lord (Pan)
  An ancient lich (Vaults:4)
  A juggernaut (Depths:3)
  An orb of fire (Zot:2)
  Sojobo (Depths:4)
  the Lernaean hydra (Swamp:4)
  The ghost of rgbqcd the Executioner, a veteran MiBe of Trog (Vaults:4)
  Saint Roka (Elf:3)
  Xtahua (Depths:4)
  3 curse toes
  3 golden dragons
  Jory (Vaults:5)
  A bone dragon (Elf:2)
  Arachne (Spider:2)
  6 Tzitzimimeh
  3 electric golems
  A hellephant (Pan)
  Mlioglotl (Swamp:3)
  An Orb Guardian (Zot:5)
  14 tentacled monstrosities
  5 Ice Fiends (Pan)
  A Brimstone Fiend (Pan)
  A walking earthen tome (Depths:3)
  2 deep elf blademasters (Elf:3)
  3 liches
  Asterion (Spider:1)
  5 titans
  4 deep elf master archers
  7 quicksilver dragons
  2 sphinxes (Depths:3)
  21 Executioners
  2 tentacled starspawn (Abyss:3)
  6 death cobs
  A walking frostbound tome (Depths:3)
  2 thorn hunters (WizLab)
  An eldritch tentacle (Pan)
  13 storm dragons
  8 draconian monks
  5 tengu reavers
  5 shadow dragons
  Gastronok (Lair:3)
  Kirke (Lair:5)
  A storm dragon (shapeshifter) (Vaults:5)
  4 fenstrider witches
  3 demonspawn warmongers (Pan)
  7 emperor scorpions
  An iron dragon (Vaults:5)
  3 draconian knights
  A juggernaut zombie (D:15)
  6 deep elf sorcerers
  3 frost giants
  3 orc warlords
  5 fire giants
  Aizul (Elf:3)
  6 draconian scorchers
  5 ghost moths
  Louise (Depths:2)
  3 cacodemons (Pan)
  4 draconian annihilators
  5 deep elf elementalists (Elf:3)
  14 vault wardens
  3 balrugs (Pan)
  3 reapers
  A quicksilver ooze (shapeshifter) (Vaults:5)
  3 draconian stormcallers
  2 spriggan defenders (Depths:3)
  A war gargoyle (Vaults:4)
  A juggernaut skeleton (Pan)
  20 ironbound preservers
  3 ironbound thunderhulks
  4 broodmothers
  7 demonspawn blood saints (Pan)
  3 demonspawn corrupters (Pan)
  2 vampire knights
  25 very ugly things
  11 stone giants
  4 green draconians
  11 eleionomae
  6 deep elf demonologists (Elf:3)
  6 demonspawn black suns (Pan)
  4 bunyips
  13 lorocyprocas (Pan)
  11 red draconians
  7 white draconians
  Azrael (Orc:2)
  6 yellow draconians
  6 black draconians
  9 purple draconians
  A halazid warlock (Desolation)
  8 deep elf annihilators
  10 entropy weavers
  A spectral titan (Depths:2)
  7 spark wasps
  A spectral quicksilver dragon (Depths:2)
  12 deep elf death magi
  3 green deaths (Pan)
  5 blizzard demons
  2 dire elephants
  Josephine (D:14)
  2 crystal guardians (Desolation)
  6 ettins
  A jiangshi (Vaults:3)
  9 fire dragons
  A merfolk javelineer (Abyss:3)
  A quicksilver dragon zombie (D:15)
  3 deep elf high priests
  3 ragged hierophants
  A spectral golden dragon (Depths:2)
  6 yaktaur captains
  Harold (Lair:2)
  6 shambling mangroves
  10 great orbs of eyes
  6 peacekeepers
  7 ghost crabs
  3 juggernaut simulacra
  3 salamander tyrants (Depths:1)
  2 servants of whispers
  An ogre mage (Vaults:5)
  18 hydras
  32 vault guards
  A caustic shrike simulacrum (Depths:2)
  8 spriggan air magi
  A jorogumo (Spider:4)
  2 spectral tengu (Depths:2)
  2 hell beasts (Pan)
  3 ice dragons
  Erica (D:10)
  9 alligators
  7 boulder beetles
  A death knight (D:13)
  7 centaur warriors
  3 ironbound frosthearts
  5 spriggan skeletons
  2 radroaches
  2 catoblepae
  6 two-headed ogres
  21 dancing weapons
  7 deep troll earth magi
  A death scarab (Spider:3)
  8 vampire magi
  4 tengu warriors
  A spectral fire giant (Depths:2)
  5 satyrs
  2 naga sharpshooters (WizLab)
  10 deep troll shamans
  3 thrashing horrors
  A titan zombie (Depths:2)
  3 orc high priests (Orc:2)
  5 death yaks
  9 spriggan berserkers
  3 nameless horrors
  15 hell knights
  21 deep elf knights
  A storm dragon zombie (Depths:3)
  24 soul eaters
  3 wretched stars (Abyss:3)
  Sonja (Orc:1)
  A fire crab (shapeshifter) (Vaults:5)
  A fire crab (Lair:4)
  A titan skeleton (Pan)
  24 sun demons (Pan)
  A sun moth (Spider:3)
  9 shadow wraiths
  7 skeletal warriors
  4 pharaoh ants
  10 iron trolls
  4 sixfirhies (Pan)
  3 goliath frogs
  5 shadow demons
  5 spriggan druids
  14 swamp dragons
  4 steelbarb worms
  A spark wasp zombie (Depths:2)
  A glowing orange brain (Depths:2)
  3 flayed ghosts
  75 deep trolls
  A storm dragon skeleton (Pan)
  6 bog bodies
  2 tengu zombies
  20 deep elf archers
  11 orb spiders
  A spriggan simulacrum (Elf:2)
  12 lindwurms
  10 wizards
  24 deep elf pyromancers
  6 phantasmal warriors
  A sphinx zombie (Depths:2)
  14 ironbound convokers
  11 necromancers
  8 orc knights
  28 deep elf zephyrmancers
  A frost giant zombie (D:15)
  2 golden dragon skeletons
  A faun (WizLab)
  2 oklob plants (WizLab)
  22 wolf spiders
  2 worldbinders (Abyss:3)
  5 orc sorcerers (Orc:2)
  7 will-o-the-wisps
  2 tengu skeletons (Depths:2)
  36 ugly things
  An iron dragon zombie (Depths:2)
  20 moths of wrath
  An iron dragon skeleton (Elf:2)
  3 shadow dragon skeletons
  6 cyclopes
  Maurice (D:13)
  5 black mambas
  2 sphinx skeletons
  29 large abominations
  8 elephants
  4 manticores
  A guardian serpent (Desolation)
  2 molten gargoyles
  2 orange demons (Pan)
  13 cane toads
  An apocalypse crab (Abyss:3)
  A water nymph (shapeshifter) (Vaults:5)
  14 vault sentinels
  A titan simulacrum (Depths:2)
  17 demonic crawlers
  3 centaur skeletons (Pan)
  2 gargoyles
  11 torpor snails
  19 smoke demons (Pan)
  A naga skeleton (Pan)
  4 unseen horrors
  2 dire elephant skeletons (Pan)
  3 rime drakes (Lair:5)
  30 yaktaurs
  22 hellions (Pan)
  An efreet (Pan)
  6 freezing wraiths
  A spark wasp simulacrum (Depths:2)
  3 tengu conjurers
  8 hellwings (Pan)
  12 komodo dragons
  6 tormentors
  A golden dragon simulacrum (Depths:2)
  A silent spectre (Abyss:5)
  4 trolls
  6 meliai (Spider:3)
  2 red devils (Pan)
  7 ice devils
  3 ancient zymes
  2 queen bees (shapeshifter)
  15 tyrant leeches
  A sphinx simulacrum (Depths:2)
  3 polar bears
  A shadow dragon simulacrum (Depths:2)
  A hornet (shapeshifter) (D:13)
  A queen bee (Spider:3)
  11 blink frogs
  35 saltlings
  21 tarantellas
  A hydra skeleton (Pan)
  Prince Ribbit (Bailey)
  2 harpy skeletons (Pan)
  A tengu simulacrum (Elf:2)
  32 hornets
  23 slime creatures
  3 dream sheep (Lair:5)
  An iron dragon simulacrum (Elf:2)
  A spriggan zombie (D:15)
  A frost giant simulacrum (Depths:2)
  A fire giant simulacrum (Depths:2)
  19 culicivoras
  30 jumping spiders
  2 air elementals
  6 flying skulls (Abyss:4)
  A jumping spider (shapeshifter) (Elf:1)
  3 vampires
  11 water elementals
  9 starcursed masses (Abyss:3)
  A wyvern (Lair:5)
  A wyvern (shapeshifter) (D:15)
  A shadow (D:9)
  19 ynoxinuls (Pan)
  16 spriggans
  53 yaks
  5 fire bats
  4 fire elementals
  A human (shapeshifter) (Vaults:5)
  4 humans (Bailey)
  7 wraiths
  2 hogs (Lair:5)
  A black mamba skeleton (Pan)
  8 vampire mosquitoes (Spider:4)
  2 neqoxecs
  2 steam dragons
  8 basilisks
  24 chaos spawn
  45 redbacks
  4 wargs
  A glowing shapeshifter zombie (Depths:2)
  15 swamp worms
  3 acid dragons
  A floating eye (shapeshifter) (Depths:3)
  24 water moccasins
  4 hell hounds
  2 glowing shapeshifter skeletons (Depths:2)
  A human skeleton (Depths:3)
  10 swamp drakes
  2 ice beasts
  33 orc warriors
  2 black bears
  7 wolves (Lair:5)
  3 sky beasts
  9 ogres
  4 centaurs
  6 small abominations
  A phantom (D:4)
  21 bullfrogs
  A necrophage (D:7)
  2 gnoll sergeants
  3 scorpions (D:7)
  3 earth elementals (Elf:3)
  3 wights (D:9)
  A floating eye simulacrum (Depths:3)
  26 killer bees
  6 electric eels
  5 howler monkeys
  A quasit (Abyss:1)
  6 hounds
  An iron imp (Abyss:3)
  A jelly (D:5)
  10 orc priests
  A gnoll bouda (D:5)
  4 hell rats (Lair:2)
  26 orc wizards
  3 iguanas
  15 gnolls
  5 adders
  A shadow imp (Pan)
  3 white imps
  2 ufetubi (D:4)
  2 worms
  A dart slug (D:5)
  67 orcs
  7 ball pythons
  6 endoplasms
  5 giant cockroaches
  12 goblins
  5 hobgoblins
  2 jackals (D:2)
  7 kobolds
  7 quokkas
  5 bats
  2 frilled lizards (D:1)
  3 rats
  4 ball lightnings (Pan)
  A fire vortex (Pan)
  A lurking horror (Abyss:3)
  A starspawn tentacle (Abyss:3)
2333 creatures vanquished.

Vanquished Creatures (collateral kills)
  Margery (Vaults:5)
  A golden dragon (Zot:3)
  A Hell Sentinel (Pan)
  A pandemonium lord (Pan)
  A titan (Vaults:5)
  A quicksilver dragon (Zot:1)
  A storm dragon (Zot:1)
  3 tengu reavers
  A shadow dragon (Zot:2)
  Donald (Vaults:3)
  A fire giant (Vaults:5)
  2 demonspawn warmongers (Pan)
  2 imperial myrmidons (Desolation)
  2 vault wardens
  An iron dragon (Vaults:5)
  A nameless horror (Vaults:2)
  An ironbound preserver (Vaults:3)
  3 very ugly things (Vaults:3)
  A reaper (Pan)
  An ironbound thunderhulk (Vaults:4)
  Nessos (Lair:5)
  An entropy weaver (Vaults:3)
  2 purple draconians
  3 dire elephants (Vaults:2)
  A white draconian (Zot:2)
  A blizzard demon (Pan)
  A green death (Pan)
  A deep elf death mage (Vaults:4)
  2 yaktaur captains
  2 servants of whispers (Desolation)
  2 vault guards
  A peacekeeper (Vaults:4)
  2 hell beasts (Pan)
  A hell knight (Vaults:5)
  14 deep trolls
  3 lindwurms (Vaults:3)
  A wizard (Vaults:2)
  2 ironbound convokers (Vaults:2)
  2 phantasmal warriors
  3 orc knights
  8 ugly things
  A slime creature (Vaults:3)
  A cane toad (Lair:5)
  2 vault sentinels
  A yaktaur (Vaults:3)
  A freezing wraith (Vaults:5)
  A saltling (Desolation)
  A water elemental (Depths:4)
  A redback (Vaults:3)
  A warg (Orc:1)
  2 orc warriors (Orc:1)
  An ogre (Orc:1)
  An orc priest (Orc:1)
  An orc (Orc:1)
  A fire vortex (Pan)
97 creatures vanquished.

Vanquished Creatures (others)
  A pandemonium lord (Pan)
  31 eldritch tentacles
  A draconian annihilator (Zot:2)
  A demonspawn blood saint (Pan)
  A green death (Pan)
  A peacekeeper (Desolation)
  A goliath frog (Swamp:3)
  A deep elf pyromancer (Elf:2)
  A necromancer (Vaults:5)
  A vault sentinel (Vaults:2)
  2 hellions (Pan)
  A hellwing (Pan)
  A bloated husk (Swamp:3)
  A tyrant leech (Swamp:3)
  A small abomination (Abyss:3)
  A yak (Lair:5)
  A ynoxinul (Pan)
  3 humans (Lair:5)
  A chaos spawn (Pan)
  An orc (D:12)
  2 ball lightnings (Pan)
  A briar patch (Lair:3)
  A bush (WizLab)
  2 fire vortices (Pan)
  30 foxfires
  44 fungi
  76 plants
  2 starspawn tentacles (Abyss:3)
  11 withered plants (D:15)
222 creatures vanquished.

Grand Total: 2652 creatures vanquished

Notes
Turn   | Place    | Note
-------+----------+-------------------------------------------
     0 | D:1      | RogueRain17 the Gnoll Hunter began the quest for the Orb.
     0 | D:1      | Reached XP level 1. HP: 20/20 MP: 1/1
    92 | D:1      | Reached XP level 2. HP: 26/26 MP: 2/2
   921 | D:2      | Reached XP level 3. HP: 31/31 MP: 3/3
   971 | D:2      | Found a hide-covered altar of Uskayaw.
  1076 | D:2      | Reached skill level 1 in Invocations
  1498 | D:3      | Reached skill level 1 in Short Blades
  1498 | D:3      | Reached skill level 1 in Long Blades
  1498 | D:3      | Reached skill level 1 in Axes
  1498 | D:3      | Reached skill level 1 in Maces & Flails
  1498 | D:3      | Reached skill level 1 in Polearms
  1498 | D:3      | Reached skill level 1 in Staves
  1498 | D:3      | Reached skill level 1 in Throwing
  1498 | D:3      | Reached skill level 1 in Armour
  1498 | D:3      | Reached skill level 1 in Shields
  1498 | D:3      | Reached skill level 1 in Unarmed Combat
  1498 | D:3      | Reached skill level 1 in Spellcasting
  1498 | D:3      | Reached skill level 1 in Evocations
  1676 | D:3      | Reached XP level 4. HP: 38/38 MP: 5/5
  1680 | D:3      | Found a transporter.
  1780 | D:3      | Found a faded altar of an unknown god.
  1805 | D:3      | Found a transporter.
  1809 | D:3      | Noticed Godmorgon's ghost (weakling TeCj)
  1884 | D:3      | Reached skill level 1 in Conjurations
  1884 | D:3      | Reached skill level 1 in Hexes
  1884 | D:3      | Reached skill level 1 in Summonings
  1884 | D:3      | Reached skill level 1 in Necromancy
  1884 | D:3      | Reached skill level 1 in Translocations
  1884 | D:3      | Reached skill level 1 in Transmutations
  1884 | D:3      | Reached skill level 1 in Fire Magic
  1884 | D:3      | Reached skill level 1 in Ice Magic
  1884 | D:3      | Reached skill level 1 in Air Magic
  1884 | D:3      | Reached skill level 1 in Earth Magic
  1884 | D:3      | Reached skill level 1 in Poison Magic
  1942 | D:4      | Reached XP level 5. HP: 43/43 MP: 5/7
  2063 | D:4      | Noticed a phantom
  2079 | D:4      | Killed a phantom
  2175 | D:4      | Found a staircase to the Ecumenical Temple.
  2202 | D:4      | Reached XP level 6. HP: 36/50 MP: 8/8
  2492 | Temple   | Entered the Ecumenical Temple
  2631 | Temple   | Became a worshipper of Cheibriados the Contemplative
  2672 | D:5      | Entered Level 5 of the Dungeon
  2746 | D:5      | Reached skill level 5 in Fighting
  2746 | D:5      | Reached skill level 5 in Dodging
  2765 | D:5      | Found a radiant altar of Vehumet.
  2769 | D:5      | Reached skill level 2 in Maces & Flails
  2783 | D:5      | Got Vehumet's Grimoire of Conflict
  2788 | D:5      | Learned a level 2 spell: Wereblood
  2896 | D:5      | Found an ancient bone altar of Kikubaaqudgha.
  2905 | D:5      | Found a shimmering blue altar of Sif Muna.
  2979 | D:5      | Noticed a black bear
  2986 | D:5      | Killed a black bear
  2987 | D:5      | Reached XP level 7. HP: 56/56 MP: 10/10
  3423 | D:5      | Found Kirep's Antique Armour Emporium.
  3583 | D:5      | Bought an opalescent robe for 142 gold pieces
  3583 | D:5      | Identified the +1 robe of Darkness {rElec rPois Int-4} (You
                  | bought it in a shop on level 5 of the Dungeon)
  4144 | D:6      | Reached * piety under Cheibriados
  4167 | D:6      | Reached skill level 3 in Maces & Flails
  4181 | D:6      | Reached XP level 8. HP: 34/63 MP: 12/12
  4354 | D:6      | Identified the +0 helmet "Moner" {rC- Dex+4 Slay+4}
  4838 | D:7      | Found a broken altar of Ashenzari.
  4972 | D:7      | Reached ** piety under Cheibriados
  4998 | D:7      | Noticed a komodo dragon
  5003 | D:7      | Killed a komodo dragon
  5004 | D:7      | Reached XP level 9. HP: 27/69 MP: 14/14
  5225 | D:7      | Reached skill level 4 in Maces & Flails
  5553 | D:7      | Reached skill level 5 in Stealth
  5672 | D:8      | Found a flagged portal.
  5678 | Bailey   | Entered a bailey
  5755 | Bailey   | Reached skill level 5 in Invocations
  5994 | Bailey   | Noticed Prince Ribbit
  5994 | Bailey   | Noticed a vault guard
  6002 | Bailey   | Killed Prince Ribbit
  6032 | Bailey   | Killed a vault guard
  6033 | Bailey   | Reached skill level 5 in Short Blades
  6033 | Bailey   | Reached skill level 5 in Long Blades
  6033 | Bailey   | Reached skill level 5 in Axes
  6033 | Bailey   | Reached skill level 5 in Maces & Flails
  6033 | Bailey   | Reached skill level 5 in Polearms
  6033 | Bailey   | Reached skill level 5 in Staves
  6033 | Bailey   | Reached skill level 10 in Ranged Weapons
  6033 | Bailey   | Reached skill level 5 in Throwing
  6033 | Bailey   | Reached skill level 5 in Armour
  6033 | Bailey   | Reached skill level 5 in Shields
  6033 | Bailey   | Reached skill level 5 in Unarmed Combat
  6033 | Bailey   | Reached skill level 5 in Spellcasting
  6033 | Bailey   | Reached skill level 5 in Evocations
  6033 | Bailey   | Reached XP level 10. HP: 79/79 MP: 17/17
  6078 | Bailey   | Noticed a vault guard
  6091 | Bailey   | Killed a vault guard
  6211 | Bailey   | Reached *** piety under Cheibriados
  7957 | D:9      | Reached **** piety under Cheibriados
  7974 | D:9      | Reached skill level 6 in Maces & Flails
  8000 | D:9      | Reached skill level 5 in Conjurations
  8000 | D:9      | Reached skill level 5 in Hexes
  8000 | D:9      | Reached skill level 5 in Summonings
  8000 | D:9      | Reached skill level 5 in Necromancy
  8000 | D:9      | Reached skill level 5 in Translocations
  8000 | D:9      | Reached skill level 5 in Transmutations
  8000 | D:9      | Reached skill level 5 in Fire Magic
  8000 | D:9      | Reached skill level 5 in Ice Magic
  8000 | D:9      | Reached skill level 5 in Air Magic
  8000 | D:9      | Reached skill level 5 in Earth Magic
  8000 | D:9      | Reached skill level 5 in Poison Magic
  8000 | D:9      | Reached XP level 11. HP: 82/85 MP: 20/20
  8009 | D:9      | Noticed Joseph
  8070 | D:9      | Noticed Joseph
  8070 | D:9      | Joseph changed into Joseph the acid dragon
  8075 | D:9      | Killed Joseph the acid dragon
  8538 | D:9      | Found a staircase to the Lair.
  9164 | D:10     | Entered Level 10 of the Dungeon
  9444 | D:10     | Noticed a two-headed ogre
  9462 | D:10     | Killed a two-headed ogre
  9462 | D:10     | Reached ***** piety under Cheibriados
  9613 | D:10     | Identified the +11 plate armour of the Lost Path {rN+
                  | Regen+}
  9662 | D:10     | Noticed Erica
  9668 | D:10     | Killed Erica
  9896 | D:10     | Reached skill level 7 in Maces & Flails
 10281 | D:11     | Found Duofitik's Gadget Gallery.
 10354 | D:11     | Noticed a manticore
 10369 | D:11     | Killed a manticore
 10370 | D:11     | Reached XP level 12. HP: 90/94 MP: 22/22
 11023 | D:11     | Noticed a two-headed ogre
 11028 | D:11     | Killed a two-headed ogre
 11370 | D:12     | Noticed a boulder beetle
 11466 | Lair:1   | Entered Level 1 of the Lair of Beasts
 11584 | Lair:1   | Noticed a death yak
 11587 | Lair:1   | Noticed a death yak
 11592 | Lair:1   | Killed a death yak
 11593 | Lair:1   | Killed a death yak
 11952 | Lair:2   | Noticed a seven-headed hydra
 11952 | Lair:2   | Noticed a five-headed hydra
 11956 | Lair:2   | Killed a seven-headed hydra
 11957 | Lair:2   | Reached skill level 8 in Maces & Flails
 11962 | Lair:2   | Killed a five-headed hydra
 12174 | Lair:2   | Reached XP level 13. HP: 101/101 MP: 25/25
 12267 | Lair:2   | Noticed Harold
 12281 | Lair:2   | Killed Harold
 12836 | Lair:3   | Found a hole to the Spider Nest.
 12953 | Lair:3   | Noticed Gastronok
 12960 | Lair:3   | Killed Gastronok
 13026 | Lair:3   | Found a transporter.
 13313 | Lair:3   | Found a transporter.
 13379 | Lair:3   | Found a staircase to the Swamp.
 13497 | Lair:3   | Found the +3 pair of gauntlets of War {Slay+5}
 13529 | Lair:3   | Reached skill level 10 in Fighting
 13529 | Lair:3   | Reached skill level 10 in Dodging
 13893 | Lair:4   | Found a staircase to the Slime Pits.
 14048 | Lair:4   | Reached skill level 9 in Maces & Flails
 14466 | Lair:4   | Reached XP level 14. HP: 110/110 MP: 27/27
 14471 | Lair:4   | Reached skill level 10 in Invocations
 14561 | Lair:4   | Found the necklace of Bloodlust {*Rage Will++ Int-3 Slay+6}
 15197 | Lair:5   | Entered Level 5 of the Lair of Beasts
 15615 | Lair:5   | Noticed Kirke
 15624 | Lair:5   | Killed Kirke
 15857 | Lair:5   | Noticed Nessos
 15865 | Lair:5   | Killed Nessos
 16453 | Lair:5   | Reached skill level 10 in Stealth
 16780 | Lair:5   | Reached ****** piety under Cheibriados
 17194 | Lair:5   | Noticed a dire elephant
 17248 | Lair:5   | Killed a dire elephant
 17377 | Lair:5   | Found a runed translucent door.
 17393 | Lair:5   | Reached skill level 10 in Short Blades
 17393 | Lair:5   | Reached skill level 10 in Long Blades
 17393 | Lair:5   | Reached skill level 10 in Axes
 17393 | Lair:5   | Reached skill level 10 in Maces & Flails
 17393 | Lair:5   | Reached skill level 10 in Polearms
 17393 | Lair:5   | Reached skill level 10 in Staves
 17393 | Lair:5   | Reached skill level 10 in Throwing
 17393 | Lair:5   | Reached skill level 10 in Armour
 17393 | Lair:5   | Reached skill level 10 in Shields
 17393 | Lair:5   | Reached skill level 10 in Unarmed Combat
 17393 | Lair:5   | Reached skill level 10 in Spellcasting
 17393 | Lair:5   | Reached skill level 10 in Evocations
 17460 | Lair:5   | Reached XP level 15. HP: 99/118 MP: 29/29
 18684 | D:12     | Found a staircase to the Orcish Mines.
 19173 | D:13     | Found a gate to the Vaults.
 19449 | D:13     | Noticed Maurice
 19453 | D:13     | Killed Maurice
 20034 | D:14     | Noticed Josephine
 20038 | D:14     | Killed Josephine
 20088 | D:14     | Found a runed translucent door.
 20684 | D:14     | Noticed Deerom's ghost (journeyman DgHW)
 20710 | D:15     | Entered Level 15 of the Dungeon
 20920 | D:15     | Found Iphocui's Antique Armour Emporium.
 20932 | D:15     | Bought the -2 hat of the Alchemist {rElec rPois rF+ rC+ rN+
                  | Will+ rMut rCorr} for 1227 gold pieces
 20932 | D:15     | Found the -2 hat of the Alchemist {rElec rPois rF+ rC+ rN+
                  | Will+ rMut rCorr}
 21580 | D:15     | Found a staircase to the Depths.
 21911 | Orc:1    | Entered Level 1 of the Orcish Mines
 21938 | Orc:1    | Noticed Sonja
 21999 | Orc:1    | Reached XP level 16. HP: 124/127 MP: 30/30
 22025 | Orc:1    | Killed Sonja
 22294 | Orc:1    | Reached skill level 11 in Maces & Flails
 22486 | Orc:2    | Entered Level 2 of the Orcish Mines
 22486 | Orc:2    | Noticed Azrael
 22860 | Orc:2    | Killed Azrael
 23030 | Orc:2    | Found Gedghekketz's Antique Armour Shop.
 23101 | Orc:2    | Found Pump's General Store.
 23296 | Orc:2    | Found a staircase to the Elven Halls.
 23370 | Orc:2    | Found Feujet's Antique Weapon Boutique.
 23406 | Orc:2    | Found Rusuecw's Book Boutique.
 23746 | Orc:2    | Bought a +2 cloak of preservation for 365 gold pieces
 23756 | Orc:2    | Bought a +1 pair of gloves for 195 gold pieces
 23961 | Spider:1 | Entered Level 1 of the Spider Nest
 24773 | Spider:1 | Noticed Asterion
 24785 | Spider:1 | Killed Asterion
 26073 | Spider:2 | Noticed Arachne
 26083 | Spider:2 | Killed Arachne
 26084 | Spider:2 | Reached XP level 17. HP: 106/135 MP: 24/32
 26640 | Spider:3 | Reached skill level 10 in Conjurations
 26640 | Spider:3 | Reached skill level 10 in Hexes
 26640 | Spider:3 | Reached skill level 10 in Summonings
 26640 | Spider:3 | Reached skill level 10 in Necromancy
 26640 | Spider:3 | Reached skill level 10 in Translocations
 26640 | Spider:3 | Reached skill level 10 in Transmutations
 26640 | Spider:3 | Reached skill level 10 in Fire Magic
 26640 | Spider:3 | Reached skill level 10 in Ice Magic
 26640 | Spider:3 | Reached skill level 10 in Air Magic
 26640 | Spider:3 | Reached skill level 10 in Earth Magic
 26640 | Spider:3 | Reached skill level 10 in Poison Magic
 27448 | Swamp:1  | Entered Level 1 of the Swamp
 27735 | Swamp:1  | Reached skill level 12 in Maces & Flails
 28149 | Swamp:1  | You fall into a shaft and drop 1 floor!
 28356 | Swamp:2  | Noticed a tentacled monstrosity
 28365 | Swamp:2  | Killed a tentacled monstrosity
 28520 | Swamp:2  | Noticed a tentacled monstrosity
 28526 | Swamp:2  | Killed a tentacled monstrosity
 29225 | Swamp:3  | Reached XP level 18. HP: 143/143 MP: 34/34
 29355 | Swamp:3  | Reached skill level 15 in Ranged Weapons
 29394 | Swamp:3  | Reached XP level 19. HP: 150/150 MP: 35/35
 29423 | Swamp:3  | Noticed Mlioglotl
 29433 | Swamp:3  | Killed Mlioglotl
 29617 | Swamp:4  | Entered Level 4 of the Swamp
 30117 | Swamp:4  | Noticed the 27-headed Lernaean hydra
 30122 | Swamp:4  | Killed the 27-headed Lernaean hydra
 30195 | Swamp:4  | Got a decaying rune of Zot
 31064 | Spider:3 | Reached skill level 13 in Maces & Flails
 31620 | Spider:4 | Entered Level 4 of the Spider Nest
 31887 | Spider:4 | Identified a scroll of acquirement
 32078 | Spider:4 | Acquired 669 gold pieces
 32789 | Spider:4 | Got a gossamer rune of Zot
 32802 | Spider:4 | Identified the +2 hat of Yttyso {rF++ Dex+2}
 33191 | Depths:1 | Entered Level 1 of the Depths
 33645 | Lair:3   | Identified the amulet of Joxeof {Acrobat *Corrode rC+ MP+9
                  | Int+2}
 33839 | Orc:2    | Bought an iridescent battleaxe for 241 gold pieces
 33839 | Orc:2    | Identified the +4 battleaxe "Dodur" {freeze, rPois Will-
                  | rCorr Int-3} (You bought it in a shop on level 2 of the
                  | Orcish Mines)
 34515 | Elf:1    | Entered Level 1 of the Elven Halls
 34542 | Elf:1    | Found a radiant altar of Vehumet.
 34559 | Elf:1    | Reached XP level 20. HP: 146/159 MP: 37/37
 35647 | Elf:2    | Noticed a bone dragon
 35671 | Elf:2    | Killed a bone dragon
 35719 | Elf:2    | Reached skill level 15 in Invocations
 35763 | Elf:2    | Got Kikubaaqudgha's Excursus on the Dead
 36087 | Elf:2    | Found a runed translucent gate.
 36088 | Elf:2    | Found a runed translucent gate.
 36088 | Elf:2    | Found a runed translucent gate.
 36221 | Elf:3    | Entered Level 3 of the Elven Halls
 36228 | Elf:3    | Reached skill level 14 in Maces & Flails
 36310 | Elf:3    | Noticed Saint Roka
 36327 | Elf:3    | Killed Saint Roka
 36564 | Elf:3    | Noticed Aizul
 37107 | Elf:3    | Identified the ring of Cyesopp {Fly rC+ Int+6}
 37111 | Elf:3    | Identified the ring of Uggimyir {Wiz rF+ rC- rN++ Str-4}
 37116 | Elf:3    | Reached XP level 21. HP: 116/167 MP: 30/39
 37128 | Elf:3    | Identified the +10 falchion "Mugiwis" {antimagic, Str+2}
 37129 | Elf:3    | Identified the +3 flail of the Crawling Thing {vorpal,
                  | Will+ Stlth+}
 37300 | Elf:3    | Reached skill level 15 in Fighting
 37300 | Elf:3    | Reached skill level 15 in Dodging
 37306 | Elf:3    | Killed Aizul
 37498 | Elf:3    | Got the Discourse on Heated Outbursts
 38016 | Depths:1 | Learned a level 3 spell: Vampiric Draining
 38022 | Depths:1 | Learned a level 5 spell: Silence
 38027 | Depths:1 | Learned a level 4 spell: Airstrike
 38032 | Depths:1 | Learned a level 4 spell: Passage of Golubria
 38038 | Depths:1 | Learned a level 5 spell: Lightning Bolt
 38063 | Depths:1 | Found Ycuijad's Antique Weapon Shop.
 38146 | Depths:1 | Found a gateway to Hell.
 38735 | Depths:1 | Found a radiant altar of Vehumet.
 39012 | Depths:1 | Found the +3 salamander hide armour {Flames rF++ rC--}
 39137 | Depths:2 | You fall into a shaft and drop 2 floors!
 39137 | Depths:4 | Entered Level 4 of the Depths
 39168 | Depths:4 | Found a flickering gateway to a bazaar.
 39177 | Bazaar   | Entered a bazaar
 39177 | Bazaar   | Found Giun's General Store.
 39184 | Bazaar   | Found Ipaqen's Distillery.
 39204 | Bazaar   | Found Bupeeck's Antique Weapon Boutique.
 39215 | Bazaar   | Found Fyorav's Jewellery Emporium.
 39223 | Bazaar   | Found Ymank's Antique Armour Emporium.
 39250 | Bazaar   | Bought the +8 lance "Wyrmbane" {slay drac, rPois rF+ rC+
                  | AC+3} for 2181 gold pieces
 39250 | Bazaar   | Found the +8 lance "Wyrmbane" {slay drac, rPois rF+ rC+
                  | AC+3}
 39535 | Depths:4 | Found a one-way gate to the infinite horrors of the Abyss.
 39536 | Depths:4 | Found a corrupted altar of Lugonu.
 39592 | Depths:4 | Noticed Xtahua
 39611 | Depths:4 | Killed Xtahua
 39668 | Depths:4 | Reached skill level 15 in Maces & Flails
 39865 | Depths:3 | Reached skill level 15 in Stealth
 40084 | Depths:3 | Reached XP level 22. HP: 176/176 MP: 40/40
 40135 | Depths:3 | Found a magical portal.
 40148 | WizLab   | Entered Eringya's Formal Garden
 40435 | WizLab   | Reached skill level 15 in Short Blades
 40435 | WizLab   | Reached skill level 15 in Long Blades
 40435 | WizLab   | Reached skill level 15 in Axes
 40435 | WizLab   | Reached skill level 15 in Polearms
 40435 | WizLab   | Reached skill level 15 in Staves
 40435 | WizLab   | Reached skill level 15 in Throwing
 40435 | WizLab   | Reached skill level 15 in Armour
 40435 | WizLab   | Reached skill level 15 in Shields
 40435 | WizLab   | Reached skill level 15 in Unarmed Combat
 40435 | WizLab   | Reached skill level 15 in Spellcasting
 40435 | WizLab   | Reached skill level 15 in Evocations
 40639 | WizLab   | Found a blossoming altar of Fedhas.
 41133 | Depths:3 | Noticed a juggernaut
 41155 | Depths:3 | Killed a juggernaut
 41257 | Depths:3 | Reached skill level 16 in Maces & Flails
 41475 | Depths:3 | Identified the +1 chain mail of the Thunderstorm {Will+}
 41709 | Depths:3 | Identified the +6 ring mail of Weirdness {rPois Int+2
                  | Slay-3}
 42712 | Depths:2 | Found a one-way gate leading to the halls of Pandemonium.
 42836 | Depths:2 | Noticed Louise
 42848 | Depths:2 | Killed Louise
 43131 | Depths:2 | Found a one-way gateway to a ziggurat.
 43246 | Depths:2 | Reached XP level 23. HP: 184/184 MP: 42/42
 43273 | Depths:2 | Found an ancient bone altar of Kikubaaqudgha.
 43293 | Depths:2 | Learned a level 6 spell: Statue Form
 43521 | Depths:2 | Identified the +3 falchion of Wehyata {vorpal, Will+}
 44281 | Depths:2 | Voluntarily entered the Abyss.
 44431 | Abyss:3  | Reached skill level 17 in Maces & Flails
 44501 | Abyss:3  | Found a corrupted altar of Lugonu.
 44543 | Abyss:3  | Got an abyssal rune of Zot
 44559 | Depths:2 | Escaped the Abyss
 44771 | Vaults:1 | Entered Level 1 of the Vaults
 46434 | Depths:3 | Learned a level 7 spell: Malign Gateway
 46900 | Vaults:2 | Found a crumbling gateway.
 46905 | Desolati | Entered the Desolation of Salt
 47025 | Desolati | Got the Cyclopedia of Shivering Impurities
 47098 | Desolati | Reached XP level 24. HP: 105/193 MP: 24/43
 47226 | Desolati | Reached skill level 18 in Maces & Flails
 47286 | Desolati | Identified the ring of Sesiaqat {Fire Str+3 Int+4}
 47290 | Desolati | Identified the ring "Wesuebb" {Int+3 SInv}
 47400 | Desolati | Identified the +2 helmet of Privacy {rElec MP+9}
 48123 | Vaults:2 | Learned a level 7 spell: Monstrous Menagerie
 48738 | Vaults:3 | Found Syfima's Antique Armour Emporium.
 49405 | Vaults:3 | Found a staircase to the Crypt.
 49441 | Vaults:3 | Found Inwifuwk's Antique Weapon Emporium.
 49500 | Vaults:3 | Found Toimot's Assorted Antiques.
 49906 | Vaults:3 | Noticed Donald
 49918 | Vaults:3 | Killed Donald
 50197 | Vaults:4 | Found a large runed translucent door.
 50197 | Vaults:4 | Found a large runed translucent door.
 50197 | Vaults:4 | Noticed rgbqcd's ghost (veteran MiBe)
 50250 | Vaults:4 | Learned a level 7 spell: Orb of Destruction
 50675 | Vaults:4 | Paralysed by a great orb of eyes for 5 turns
 50684 | Vaults:4 | Reached skill level 19 in Maces & Flails
 50763 | Vaults:4 | Noticed an ancient lich
 50771 | Vaults:4 | Killed an ancient lich
 50778 | Vaults:4 | Identified the amulet "Gyixaeli" {RegenMP Rampage Fly rC++
                  | Dex+3}
 50906 | Vaults:4 | Reached XP level 25. HP: 202/202 MP: 43/43
 51536 | Vaults:4 | Killed rgbqcd's ghost
 51553 | Vaults:4 | Identified the ring "Neshrinn" {rPois MP+9}
 51621 | Vaults:4 | Learned a level 6 spell: Starburst
 51630 | Vaults:4 | Learned a level 8 spell: Ignition
 51632 | Vaults:5 | Entered Level 5 of the Vaults
 51808 | Vaults:4 | Gained mutation: Armour fits poorly on your strangely
                  | shaped body. [mutagenic glow]
 51941 | Vaults:4 | Lost mutation: Armour fits poorly on your strangely shaped
                  | body. [potion of mutation]
 51941 | Vaults:4 | Gained mutation: You are frail. (-10% HP) [potion of
                  | mutation]
 51941 | Vaults:4 | Gained mutation: You have a pair of small horns on your
                  | head. [potion of mutation]
 51955 | Vaults:4 | Lost mutation: You are frail. (-10% HP) [potion of
                  | mutation]
 51955 | Vaults:4 | Lost mutation: You have a pair of small horns on your head.
                  | [potion of mutation]
 51955 | Vaults:4 | Gained mutation: Your body sometimes deteriorates upon
                  | taking damage. [potion of mutation]
 51955 | Vaults:4 | Gained mutation: You are frail. (-10% HP) [potion of
                  | mutation]
 51955 | Vaults:4 | Gained mutation: You passively map a small area around you.
                  | [potion of mutation]
 51956 | Vaults:4 | Lost mutation: You passively map a small area around you.
                  | [potion of mutation]
 51956 | Vaults:4 | Lost mutation: You are frail. (-10% HP) [potion of
                  | mutation]
 51956 | Vaults:4 | Gained mutation: A frigid envelope surrounds you and
                  | freezes all who hurt you. [potion of mutation]
 51956 | Vaults:4 | Gained mutation: You do not regenerate when monsters are
                  | visible. [potion of mutation]
 51956 | Vaults:4 | Gained mutation: Your muscles are strong. (Str +4, Int/Dex
                  | -1) [potion of mutation]
 51957 | Vaults:4 | Lost mutation: Your muscles are strong. (Str +4, Int/Dex
                  | -1) [potion of mutation]
 51957 | Vaults:4 | Lost mutation: A frigid envelope surrounds you and freezes
                  | all who hurt you. [potion of mutation]
 51957 | Vaults:4 | Lost mutation: You do not regenerate when monsters are
                  | visible. [potion of mutation]
 51957 | Vaults:4 | Gained mutation: You have a pair of small horns on your
                  | head. [potion of mutation]
 51957 | Vaults:4 | Gained mutation: Your spells are a little easier to cast,
                  | but a little less powerful. [potion of mutation]
 51990 | Vaults:3 | Bought 2 potions of mutation for 624 gold pieces
 51990 | Vaults:3 | Lost mutation: Your spells are a little easier to cast, but
                  | a little less powerful. [potion of mutation]
 51990 | Vaults:3 | Lost mutation: Your body sometimes deteriorates upon taking
                  | damage. [potion of mutation]
 51990 | Vaults:3 | Gained mutation: You are frail. (-10% HP) [potion of
                  | mutation]
 51990 | Vaults:3 | Gained mutation: You passively map a small area around you.
                  | [potion of mutation]
 51991 | Vaults:3 | Lost mutation: You passively map a small area around you.
                  | [potion of mutation]
 51991 | Vaults:3 | Lost mutation: You are frail. (-10% HP) [potion of
                  | mutation]
 51991 | Vaults:3 | Gained mutation: You are clumsy. (Dex -2) [potion of
                  | mutation]
 52342 | D:15     | Bought a pair of glowing boots for 195 gold pieces
 52354 | D:15     | Learned a level 8 spell: Necromutation
 52630 | Vaults:5 | Noticed Margery
 52649 | Vaults:5 | Killed Margery
 52873 | Vaults:5 | Identified the +7 great sword "Sat Ynil" {vorpal, rF+}
 52873 | Vaults:5 | Identified the ring "Nuazul" {rF+ EV+4}
 53039 | Vaults:5 | Paralysed by a floating eye for 4 turns
 53051 | Vaults:5 | Reached skill level 20 in Maces & Flails
 53474 | Vaults:5 | Got the Volume of the Metallic Chill
 53539 | Vaults:5 | Identified the +8 short sword of Imoalov {antimagic, rPois
                  | rN++ Str-5}
 53539 | Vaults:5 | Identified the ring of Lakh {rPois Slay+2 SInv}
 53609 | Vaults:5 | Got the Octavo of the Unclean Inferno
 53612 | Vaults:5 | Got a silver rune of Zot
 53619 | Vaults:5 | Identified the ring "Ehass" {rPois Will+ Str+4 Stlth+}
 53640 | Vaults:5 | Identified the amulet "Ofonoar" {Acrobat Will+ Int+10}
 53650 | Vaults:5 | Found the +3 hat of Pondering {ponderous, Will+ MP+10
                  | Int+5}
 53856 | Vaults:5 | Noticed Jory
 53875 | Vaults:5 | Killed Jory
 53876 | Vaults:5 | Reached skill level 15 in Conjurations
 53876 | Vaults:5 | Reached skill level 15 in Hexes
 53876 | Vaults:5 | Reached skill level 15 in Summonings
 53876 | Vaults:5 | Reached skill level 15 in Necromancy
 53876 | Vaults:5 | Reached skill level 15 in Translocations
 53876 | Vaults:5 | Reached skill level 15 in Transmutations
 53876 | Vaults:5 | Reached skill level 15 in Fire Magic
 53876 | Vaults:5 | Reached skill level 15 in Ice Magic
 53876 | Vaults:5 | Reached skill level 15 in Air Magic
 53876 | Vaults:5 | Reached skill level 15 in Earth Magic
 53876 | Vaults:5 | Reached skill level 15 in Poison Magic
 54428 | Pan      | Entered Pandemonium
 54692 | Pan      | Found an exit through the horrors of the Abyss.
 54821 | Pan      | Reached XP level 26. HP: 187/209 MP: 22/44
 55221 | Pan      | Noticed Xohoamuu the pandemonium lord
 55262 | Pan      | Killed Xohoamuu the pandemonium lord
 57370 | Pan      | Noticed Nerghy the pandemonium lord
 57663 | Pan      | Killed Nerghy the pandemonium lord
 58629 | Pan      | Got a demonic rune of Zot
 59238 | Pan      | Reached skill level 21 in Maces & Flails
 59256 | Pan      | Noticed Uhaygavi the pandemonium lord
 59481 | Pan      | Noticed Yxo Cet the pandemonium lord
 59523 | Pan      | Found an exit through the horrors of the Abyss.
 59536 | Pan      | Took an exit into the Abyss.
 59536 | Abyss:3  | Escaped into the Abyss
 59730 | Abyss:4  | Found a corrupted altar of Lugonu.
 59788 | Abyss:4  | Found a corrupted altar of Lugonu.
 59793 | Depths:2 | Escaped the Abyss
 60042 | Depths:4 | Found a gate to the Realm of Zot.
 60552 | Depths:4 | Found Owuirph's Book Shop.
 60558 | Depths:4 | Found Lautoces's Magic Scroll Boutique.
 60558 | Depths:4 | Found Enoerem's Jewellery Shop.
 60564 | Depths:4 | Found Lerutel's Magic Scroll Boutique.
 60606 | Depths:4 | Noticed Sojobo
 60655 | Depths:4 | Killed Sojobo
 60848 | Depths:4 | Learned a level 8 spell: Summon Horrible Things
 60905 | Zot:1    | Entered Level 1 of the Realm of Zot
 61001 | Zot:1    | Found a runed translucent door.
 61240 | Zot:1    | Reached XP level 27. HP: 220/220 MP: 45/45
 61447 | Zot:1    | Noticed Muataran's ghost (veteran MiMo)
 61919 | Zot:2    | Noticed an orb of fire
 61927 | Zot:2    | Killed an orb of fire
 61928 | Zot:2    | Identified the +1 pair of boots of Senny {*Slow rPois
                  | Str+4}
 62164 | Zot:2    | Found a runed translucent gate.
 62164 | Zot:2    | Found a runed translucent gate.
 62165 | Zot:2    | Found a runed translucent gate.
 62173 | Zot:2    | Noticed Sostolov's ghost (legendary MiAK)
 62838 | Zot:3    | Found the +0 mask of the Dragon {Will+ Slay+3 SInv}
 63077 | Zot:3    | Reached skill level 22 in Maces & Flails
 63674 | Zot:4    | Found a transporter.
 63813 | Zot:4    | Found a transporter.
 63828 | Zot:4    | Found a transporter.
 63923 | Zot:4    | Found a transporter.
 64057 | Zot:5    | Entered Level 5 of the Realm of Zot
 64541 | Zot:5    | Found a huge runed gate.
 64541 | Zot:5    | Found a huge runed gate.
 64541 | Zot:5    | Found a huge runed gate.
 64541 | Zot:5    | Found a huge runed gate.
 64541 | Zot:5    | Found a huge runed gate.
 64541 | Zot:5    | Found a huge runed gate.
 64541 | Zot:5    | Found a huge runed gate.
 64542 | Zot:5    | Found a huge runed gate.
 64543 | Zot:5    | Found a huge runed gate.
 64544 | Zot:5    | Found a huge runed gate.
 64545 | Zot:5    | Found a huge runed gate.
 64546 | Zot:5    | Found a huge runed gate.
 64547 | Zot:5    | Found a huge runed gate.
 64548 | Zot:5    | Found a huge runed gate.
 64549 | Zot:5    | Found a huge runed gate.
 64550 | Zot:5    | Found a huge runed gate.
 64558 | Zot:5    | Found a huge runed gate.
 64558 | Zot:5    | Found a huge runed gate.
 64558 | Zot:5    | Found a huge runed gate.
 64558 | Zot:5    | Found a huge runed gate.
 64558 | Zot:5    | Found a huge runed gate.
 64561 | Zot:5    | Found a huge runed gate.
 64562 | Zot:5    | Found a huge runed gate.
 64563 | Zot:5    | Found a huge runed gate.
 64564 | Zot:5    | Found a huge runed gate.
 64572 | Zot:5    | Found a huge runed gate.
 64572 | Zot:5    | Found a huge runed gate.
 64572 | Zot:5    | Found a huge runed gate.
 64572 | Zot:5    | Found a huge runed gate.
 64572 | Zot:5    | Found a huge runed gate.
 64572 | Zot:5    | Found a huge runed gate.
 64573 | Zot:5    | Found a huge runed gate.
 64574 | Zot:5    | Found a huge runed gate.
 64575 | Zot:5    | Found a huge runed gate.
 64583 | Zot:5    | Found a huge runed gate.
 64583 | Zot:5    | Found a huge runed gate.
 65177 | Depths:4 | Bought a scroll of enchant weapon for 172 gold pieces
 65405 | Pan      | Entered Pandemonium
 65659 | Pan      | Noticed Dicig the pandemonium lord
 65679 | Pan      | Killed Dicig the pandemonium lord
 65837 | Pan      | Learned a level 8 spell: Borgnjor's Revivification
 66458 | Pan      | Entered the realm of Gloorx Vloq.
 66800 | Pan      | Found an exit through the horrors of the Abyss.
 67712 | Pan      | Noticed Gloorx Vloq
 67719 | Pan      | Killed Gloorx Vloq
 67720 | Pan      | Reached skill level 23 in Maces & Flails
 67830 | Pan      | Got a dark rune of Zot
 68362 | Pan      | Found an exit through the horrors of the Abyss.
 68430 | Pan      | Took an exit into the Abyss.
 68430 | Abyss:4  | Escaped into the Abyss
 68430 | Abyss:4  | Found a corrupted altar of Lugonu.
 68439 | Depths:2 | Escaped the Abyss
 68461 | Abyss:5  | Cast into level 5 of the Abyss (unwielding a weapon of
                  | distortion)
 68548 | Depths:2 | Escaped the Abyss
 68553 | Pan      | Entered Pandemonium
 68763 | Pan      | Entered the realm of Lom Lobon.
 68763 | Pan      | Noticed Lom Lobon
 68771 | Pan      | Killed from afar by Lom Lobon

Illustrated notes

Levels and vault maps discovered:
D:1:      nagdon_arrival_zigzag_paths, layout_basic, minmay_misc_feat_pillars,
          minmay_splitting_lines, chequers_serial_rivers_small_b
D:2:      layout_basic, basic_altar, st_stairs_4
D:3:      layout_rooms, ebering_ecumenical_altar_hall, gammafunk_ghost_arena
D:4:      layout_rooms, minmay_temple_entry_glassed_door, skrybe_limestone_x,
          nrook_mini_backslash, minmay_misc_feat_square
D:5:      layout_basic, palyth_temple_overflow_mages, serial_shops,
          nicolae_inconvenience_store, chequers_mini_garden, abandoned_shop
D:6:      layout_rooms
D:7:      layout_basic, cheibrodos_ashenzari_chains
D:8:      layout_loops_ring, enter_bailey_3
D:9:      minmay_flawed_box, layout_basic, erik_lair_island, grunt_ministairs_6,
          eino_small_chamber_without_monster, uniq_joseph
D:10:     layout_cave_pools, kennysheep_flooded_box, uniq_erica
D:11:     layout_stronghold, nicolae_shop_gadgets
D:12:     layout_cross, minmay_orc_entry_temple_small
D:13:     layout_roguey, david_vaults_1, portal_ice_cave_demonic_guard,
          minmay_crystal_water, uniq_maurice
D:14:     layout_cave_pools, ebering_ghost_reflecting_pool, uniq_josephine
D:15:     gammafunk_depths_entry_grave, layout_irregular_city,
          minmay_misc_feat_five, serial_shops, shop
Temple:   mainiacjoe_temple_coin_purse
Lair:1:   layout_big_grid
Lair:2:   layout_chaotic_city, beast_lair_carwin_1, grunt_megastairs_5,
          uniq_harold
Lair:3:   gammafunk_worm_tunnel, layout_long_grid,
          nicolae_swamp_entry_splash_gauntlet, spider_nest_entry_web_field,
          uniq_gastronok
Lair:4:   nzn_winding_woodlands_huge [nzn_winding_woodlands_5x15_cabin,
          nzn_winding_woodlands_5x15_sidewinder,
          nzn_winding_woodlands_5x15_river_crossing,
          nzn_winding_woodlands_5x15_twine,
          nzn_winding_woodlands_5x15_lazy_stream,
          nzn_winding_woodlands_5x15_default,
          nzn_winding_woodlands_5x15_concentric,
          nzn_winding_woodlands_5x15_parted, nzn_winding_woodlands_5x15_default,
          nzn_winding_woodlands_5x15_eye, nzn_winding_woodlands_center_diamonds,
          nzn_winding_woodlands_center_lodge,
          nzn_winding_woodlands_15x15_eel_pit], layout_gridlike, slime_entry_1,
          ebering_ghost_reflecting_pool
Lair:5:   wormcave, layout_gridlike, hangedman_lair_in_review,
          kennysheep_basilisk_garden, uniq_kirke, uniq_nessos
Swamp:1:  layout_basic_swamp, nicolae_swamp_trees_clearing, swamp_pool5
Swamp:2:  nicolae_swamp_wrong_neighborhood, layout_falls_marsh,
          evilmike_swamp_ruin_house_6
Swamp:3:  layout_falls_marsh, evilmike_swamp_ruin_rubble_2,
          infiniplex_staircase_pool_2, uniq_mlioglotl
Swamp:4:  swamp_old_school, layout_basic_swamp
Spider:1: layout_spider_delve, uniq_asterion
Spider:2: layout_spider_delve, uniq_arachne
Spider:3: layout_spider_delve, special_room [special_room_bee]
Spider:4: grunt_spider_rune_parallel, nicolae_spider_swamp_cousins
Orc:1:    layout_caves, mines1_david, uniq_sonja
Orc:2:    grunt_orc_gardens, layout_caves, grunt_orc_garden, grunt_orc_garden,
          grunt_orc_garden, grunt_orc_garden, uniq_azrael
Elf:1:    eino_elf_arrival_altar, layout_gridlike, minivault_28, st_stairs_6,
          grunt_megastairs_2
Elf:2:    nicolae_elf_blades_crystal_corner, layout_loops_cross,
          hellmonk_bongcloud_opening, hangedman_research_thanatology
Elf:3:    elf_hall, layout_loops_corners, uniq_aizul, uniq_saint_roka
Vaults:1: vaults_dpeg_doors, vaults_room_boxed, vaults_dpeg_encased_lava,
          v_misc_18, v_rooms_2, nicolae_vaults_little_squares_3,
          nicolae_vaults_alarming, ontoclasm_vaults_eye,
          nicolae_vaults_mini_display_case, v_misc_13, layout_vaults_omnibox
Vaults:2: portal_desolation_entry_nicolae_nacl, v_misc_29,
          nicolae_vaults_little_squares_3, v_misc_29, vaults_room_glass_cross,
          vaults_room_corners, grunt_vaults_funnel,
          nicolae_vaults_ring_of_whatevers, hangedman_vaults_maws, v_misc_18,
          nicolae_vaults_gold_heap, vaults_room_fancy_cross, layout_vaults_ring
Vaults:3: minmay_crypt_entry_simple_box, hangedman_vaults_cutoff,
          vaults_standard_mumra_lines, vaults_room_semicircle,
          vaults_room_pools, grunt_vaults_bifocal, hangedman_vaults_capsules,
          nicolae_vaults_specimen_jars, layout_vaults_big_room, serial_shops,
          nicolae_shop_overgrown_old_shop, nicolae_shop_window_shopping,
          nicolae_shop_temple_entry_statues_fountains, uniq_donald
Vaults:4: advil_vaults_ghost_guards, nicolae_vaults_little_squares_2,
          vaults_room_door_ring, st_spiral_rooms,
          nicolae_vaults_diagonal_hallway_7, v_misc_25,
          nicolae_vaults_angled_halls, ontoclasm_vaults_chip,
          layout_vaults_quadrants
Vaults:5: serial_shops, uniq_jory, uniq_margery
Depths:1: layout_forbidden_donut, fiery_altar_vehumet, hangedman_coc_ice_floe,
          serial_shops, nicolae_shop_crystal,
          amcnicky_mini_rare_corridor_liquid, minivault_22, grunt_ministairs_6,
          hellmonk_guarded_unrand_salamander
Depths:2: evilmike_negative_zone, layout_basic, enter_ziggurat_d,
          nicolae_abyss_entry_one_way_or_another, grunt_hell_entry_dis_old,
          pan_entry, nicolae_kite_square_tiling_tiny,
          minmay_staircase_windowed_large
Depths:3: minmay_box_of_curves, layout_basic, mu_enter_wizlab_7, abyss_entry,
          minmay_staircase_statues, grunt_metal_band, nicolae_two_hexagons,
          serial_bayou_shore_a
Depths:4: grunt_zot_entry_alcove, layout_gridlike, moated_statue,
          abyss_entry_flame_altar, pf_hell_entry_great_geh, serial_shops,
          bzr_in_the_mist, minmay_misc_feat_more_columns, minmay_shoptagon,
          serial_bayou_shore_b, uniq_xtahua, uniq_sojobo
Zot:1:    layout_onion, ebering_ghost_inner_flame
Zot:2:    layout_basic, gammafunk_ghost_necromancy
Zot:3:    layout_gridlike, st_single_dragon_hoard_1,
          hangedman_zot_decor_tridents
Zot:4:    layout_onion_interference, nicolae_transporter_intersection
Zot:5:    layout_onion, door_vault
Pan:      rand_demon_6, layout_basic, lemuel_hellion_island,
          layout_pan_divisions_b [pan_division_quadrant_b6,
          pan_division_quadrant_b3, pan_division_quadrant_b3,
          pan_division_quadrant_b1], evilmike_mini_pan_thingy,
          layout_grid_shapes, rand_demon_6, layout_gridville,
          grunt_pan_pentagram, layout_pan_divisions_b [pan_division_quadrant_b3,
          pan_division_quadrant_b3, pan_division_quadrant_b1,
          pan_division_quadrant_b6], rand_demon_9, layout_gridlike,
          evilmike_gloorx_vloq_box, layout_pan_divisions_b
          [pan_division_quadrant_b5, pan_division_quadrant_b4,
          pan_division_quadrant_b3, pan_division_quadrant_b6],
          reaverb_pan_squares, evilmike_mini_pan_doors_b, layout_gridlike,
          pan_blood_fountain_small, grunt_pan_pentagram, layout_pan_divisions_a
          [pan_division_quadrant_a2, pan_division_quadrant_a4,
          pan_division_quadrant_a2, pan_division_quadrant_a1,
          pan_division_octagon_halves], evilmike_mini_pan_rooms,
          layout_pan_divisions_b [pan_division_quadrant_b4,
          pan_division_quadrant_b1, pan_division_quadrant_b1,
          pan_division_quadrant_b2], pan_blood_fountain_small,
          grunt_pan_frozen_over, layout_gridlike, pan_blood_fountain_small,
          lom_lobon_spiral_st, layout_basic

Skill      XL: |  1  2  3  4  5  6  7  8  9 10 11 12 13 14 15 16 17 18 19 20 21 22 23 24 25 26 27 |
---------------+----------------------------------------------------------------------------------+-----
Invocations    | 1 2 3 4 5 6 7 8 9 10 11 12 13 14 15 16 17 18 19 21 | 21.1
Short Blades   | 1 2 3 5 6 7 8 9 10 11 12 13 14 15 16 17 18 19 | 19.5
Long Blades    | 1 2 3 5 6 7 8 9 10 11 12 13 14 15 16 17 18 19 | 19.5
Axes           | 1 2 3 5 6 7 8 9 10 11 12 13 14 15 16 17 18 19 | 19.5
Maces & Flails | 1 2 3 5 6 7 8 9 10 11 12 13 14 15 16 17 19 20 21 23 | 23.2
Polearms       | 1 2 3 5 6 7 8 9 10 11 12 13 14 15 16 17 18 19 | 19.5
Staves         | 1 2 3 5 6 7 8 9 10 11 12 13 14 15 16 17 18 19 | 19.5
Throwing       | 1 2 3 5 6 7 8 9 10 11 12 13 14 15 16 17 18 19 | 19.5
Armour         | 1 2 3 5 6 7 8 9 10 11 12 13 14 15 16 17 18 19 | 19.5
Shields        | 1 2 3 5 6 7 8 9 10 11 12 13 14 15 16 17 18 19 | 19.5
Unarmed Combat | 1 2 3 5 6 7 8 9 10 11 12 13 14 15 16 17 18 19 | 19.5
Spellcasting   | 1 2 3 5 6 7 8 9 10 11 12 13 14 15 16 17 18 19 | 19.5
Evocations     | 1 2 3 5 6 7 8 9 10 11 12 13 14 15 16 17 18 19 | 19.5
Conjurations   | 1 2 3 4 5 6 7 8 9 10 11 12 13 14 15 16 | 16.6
Hexes          | 1 2 3 4 5 6 7 8 9 10 11 12 13 14 15 16 | 16.6
Summonings     | 1 2 3 4 5 6 7 8 9 10 11 12 13 14 15 16 | 16.6
Necromancy     | 1 2 3 4 5 6 7 8 9 10 11 12 13 14 15 16 | 16.6
Translocations | 1 2 3 4 5 6 7 8 9 10 11 12 13 14 15 16 | 16.6
Transmutations | 1 2 3 4 5 6 7 8 9 10 11 12 13 14 15 16 | 16.6
Fire Magic     | 1 2 3 4 5 6 7 8 9 10 11 12 13 14 15 16 | 16.6
Ice Magic      | 1 2 3 4 5 6 7 8 9 10 11 12 13 14 15 16 | 16.6
Air Magic      | 1 2 3 4 5 6 7 8 9 10 11 12 13 14 15 16 | 16.6
Earth Magic    | 1 2 3 4 5 6 7 8 9 10 11 12 13 14 15 16 | 16.6
Poison Magic   | 1 2 3 4 5 6 7 8 9 10 11 12 13 14 15 16 | 16.6
Stealth        | 3 4 5 6 7 8 9 10 11 12 13 14 15 16 17 18 19 | 19.6
Fighting       | 5 6 7 8 9 10 11 12 13 14 15 16 17 18 20 | 20.0
Dodging        | 5 6 7 8 9 10 11 12 13 14 15 16 17 18 20 | 20.0
Ranged Weapons | 9 10 11 12 13 14 15 16 17 18 19 20 | 20.9

Action                   |  1- 3 |  4- 6 |  7- 9 | 10-12 | 13-15 | 16-18 | 19-21 | 22-24 | 25-27 || total
-------------------------+-------+-------+-------+-------+-------+-------+-------+-------+-------++-------
Melee: Long sword        |       |       |       |       |       |       |     6 |       |       ||     6
       Bite              |       |       |       |       |       |       |    29 |   371 |   452 ||   852
       Arbalest          |       |       |       |       |       |       |     1 |       |       ||     1
       Lance             |       |       |       |       |       |       |   179 |  1814 |  1952 ||  3945
       Headbutt          |       |       |       |       |       |       |       |       |   737 ||   737
       Broad axe         |       |       |       |       |       |       |       |       |   450 ||   450
 Fire: Shortbow          |    29 |       |       |       |       |       |       |       |       ||    29
       Sling             |    85 |   131 |   227 |   567 |   814 |       |   800 |   124 |     6 ||  2754
       Arbalest          |       |       |       |       |   107 |   670 |   444 |       |       ||  1221
 Cast: Wereblood         |       |       |       |       |     2 |     1 |     1 |     1 |       ||     5
       Silence           |       |       |       |       |       |       |     7 |     4 |     5 ||    16
       Airstrike         |       |       |       |       |       |       |     3 |    12 |     5 ||    20
       Lightning Bolt    |       |       |       |       |       |       |     2 |     7 |       ||     9
       Passage of Golubr |       |       |       |       |       |       |     1 |     2 |       ||     3
       Malign Gateway    |       |       |       |       |       |       |       |    20 |    12 ||    32
       Statue Form       |       |       |       |       |       |       |       |     4 |     2 ||     6
       Monstrous Menager |       |       |       |       |       |       |       |     1 |       ||     1
       Orb of Destructio |       |       |       |       |       |       |       |       |    20 ||    20
       Necromutation     |       |       |       |       |       |       |       |       |    87 ||    87
       Starburst         |       |       |       |       |       |       |       |       |     4 ||     4
       Ignition          |       |       |       |       |       |       |       |       |     3 ||     3
       Summon Horrible T |       |       |       |       |       |       |       |       |     6 ||     6
Invok: Slouch            |       |       |       |     5 |     3 |    24 |    22 |    23 |    28 ||   105
       Step From Time    |       |       |       |     1 |       |     1 |     2 |       |     1 ||     5
       Temporal Distorti |       |       |       |       |       |     1 |       |       |       ||     1
       Bend Time         |       |       |       |       |       |       |     2 |     1 |       ||     3
 Abil: End Transformatio |       |       |       |       |       |       |       |       |     2 ||     2
Evoke: Wand              |       |       |     3 |     2 |     1 |    16 |    24 |     9 |     4 ||    59
       Tin of tremorston |       |       |       |       |       |       |     4 |     7 |     6 ||    17
       Condenser vane    |       |       |       |       |       |       |     1 |       |       ||     1
  Use: Potion            |       |       |     2 |     1 |     1 |     3 |     6 |     2 |    24 ||    39
       Scroll            |       |       |     1 |     7 |    21 |     9 |    28 |     3 |    21 ||    90
 Stab: Confused          |       |       |       |       |       |       |     6 |       |       ||     6
       Sleeping          |       |       |       |       |       |       |       |    16 |    22 ||    38
       Distracted        |       |       |       |       |       |       |       |    10 |    30 ||    40
       Invisible         |       |       |       |       |       |       |       |       |    11 ||    11
Armor: Leather armour    |     9 |    11 |     2 |       |       |       |       |       |       ||    22
       Plate armour      |       |       |    40 |       |     2 |   197 |   789 |   438 |   622 ||  2088
       Robe              |       |       |    12 |     9 |       |       |       |       |       ||    21
       Steam dragon scal |       |       |       |    30 |    28 |    78 |       |       |       ||   136
       Skin              |       |       |       |       |       |       |       |    22 |     1 ||    23
Dodge: Dodged            |    21 |    26 |    92 |   202 |   208 |   622 |  1013 |   925 |  1420 ||  4529
Block: Buckler           |       |       |       |    19 |    98 |       |   266 |   900 |  1222 ||  2505
       Reflection        |       |       |       |       |       |       |       |    27 |    21 ||    48
